| TOP OF THE 1ST |
|
Springfield Cardinals batting - Pitching for Harrisburg Senators : RHP Ivano Galikov
|
|
Pitching: RHP Ivano Galikov
|
|
|
Batting: LHB Tsutomu Miyahara
|
0-0: DOUBLE (Line Drive, 89M, EV 109.4 MPH)
|
|
Batting: LHB Ronnie Ashley
|
0-0: Swinging Strike 0-1: Swinging Strike 0-2: Strikes out swinging
|
|
Batting: RHB Tyler Walker
|
0-0: Called Strike Tsutomu Miyahara steals 3rd base 0-1: Called Strike 0-2: Strikes out swinging
|
|
Batting: LHB Dana McDonald
|
0-0: Foul Ball, location: 2F 0-1: Ground out U3 (Groundball, 3, EV 101.2 MPH)
|
| Top of the 1st over - 0 runs, 1 hit, 0 errors, 1 left on base; Springfield 0 - Harrisburg 0 |
| BOTTOM OF THE 1ST |
|
Harrisburg Senators batting - Pitching for Springfield Cardinals : RHP Jim Kincaid
|
|
Pitching: RHP Jim Kincaid
|
|
|
Batting: LHB Evan Oliveri
|
0-0: Ball 1-0: Ball 2-0: Foul Ball, location: 2F 2-1: Ball 3-1: Called Strike 3-2: Strikes out looking
|
|
Batting: RHB Antonio Laurel
|
0-0: Ball 1-0: Called Strike 1-1: Foul Ball, location: 2F 1-2: Ball 2-2: Ball 3-2: SINGLE (Line Drive, 8RS, EV 107.5 MPH)
|
|
Batting: LHB Pat Aviles
|
0-0: Ball 1-0: Called Strike 1-1: Ball 2-1: Swinging Strike 2-2: Foul Ball, location: 2F 2-2: Strikes out swinging
|
|
Batting: RHB Antonio Morado
|
0-0: Called Strike 0-1: Ball 1-1: Hit by Pitch Antonio Laurel to second
|
|
Batting: RHB Slavik Nebrodov
|
0-0: Foul Ball, location: 2F 0-1: Swinging Strike 0-2: Ball 1-2: Strikes out swinging
|
| Bottom of the 1st over - 0 runs, 1 hit, 0 errors, 2 left on base; Springfield 0 - Harrisburg 0 |
| TOP OF THE 2ND |
|
Springfield Cardinals batting - Pitching for Harrisburg Senators : RHP Ivano Galikov
|
|
Batting: RHB Joe LaDue
|
0-0: Ground out 4-3 (Groundball, 4, EV 90.6 MPH)
|
|
Batting: RHB Tommy Boudreaux
|
0-0: Called Strike 0-1: Foul Ball, location: 2F 0-2: Foul Ball, location: 2F 0-2: Strikes out looking
|
|
Batting: RHB Fortunato Fteira
|
0-0: Ball 1-0: Ball 2-0: Ball 3-0: Base on Balls
|
|
Batting: RHB Jose Rivera
|
0-0: Called Strike 0-1: Ball 1-1: Fielders Choice at 2nd, 5-4 (Groundball, 56, EV 84.4 MPH)
|
| Top of the 2nd over - 0 runs, 0 hits, 0 errors, 1 left on base; Springfield 0 - Harrisburg 0 |
| BOTTOM OF THE 2ND |
|
Harrisburg Senators batting - Pitching for Springfield Cardinals : RHP Jim Kincaid
|
|
Batting: RHB Nick Moreno
|
0-0: Ball 1-0: Foul Ball, location: 2F 1-1: Ball 2-1: Ball 3-1: Fly out, F8 (Flyball, 78D, EV 85.6 MPH)
|
|
Batting: RHB Bryan Wheeler
|
0-0: Ball 1-0: Ball 2-0: Swinging Strike 2-1: Foul Ball, location: 2F 2-2: Strikes out swinging
|
|
Batting: RHB Pat Drader
|
0-0: Ball 1-0: Ball 2-0: Ball 3-0: Base on Balls
|
|
Batting: LHB Yasuo Igarashi
|
0-0: Ball 1-0: Called Strike Pat Drader steals 2nd, throwing error, E2 Pat Drader to third 1-1: Ball 2-1: Fly out, F8 (Flyball, 8LD, EV 69.4 MPH)
|
| Bottom of the 2nd over - 0 runs, 0 hits, 1 error, 1 left on base; Springfield 0 - Harrisburg 0 |
| TOP OF THE 3RD |
|
Springfield Cardinals batting - Pitching for Harrisburg Senators : RHP Ivano Galikov
|
|
Batting: RHB Dave Cluster
|
0-0: Called Strike 0-1: Foul Ball, location: 2F 0-2: Strikes out swinging
|
|
Batting: LHB Tsutomu Miyahara
|
0-0: Called Strike 0-1: Called Strike 0-2: Ball 1-2: Ground out 6-3 (Groundball, 4M, EV 103.1 MPH)
|
|
Batting: LHB Ronnie Ashley
|
0-0: DOUBLE (Groundball, 3L, EV 103.1 MPH)
|
|
Batting: RHB Tyler Walker
|
0-0: Foul Ball, location: 2F 0-1: Foul Ball, location: 2F 0-2: Ball 1-2: Ground out 4-3 (Groundball, 4, EV 101.2 MPH)
|
| Top of the 3rd over - 0 runs, 1 hit, 0 errors, 1 left on base; Springfield 0 - Harrisburg 0 |
| BOTTOM OF THE 3RD |
|
Harrisburg Senators batting - Pitching for Springfield Cardinals : RHP Jim Kincaid
|
|
Batting: LHB Evan Oliveri
|
0-0: Called Strike 0-1: Ball 1-1: SINGLE (Groundball, 6S, EV 73.1 MPH) (infield hit)
|
|
Batting: RHB Antonio Laurel
|
0-0: Ball Passed Ball! Evan Oliveri to second 1-0: Ball 2-0: Called Strike 2-1: Ball 3-1: Foul Ball, location: 2F 3-2: Base on Balls
|
|
Batting: LHB Pat Aviles
|
0-0: Called Strike 0-1: Fielders Choice at 2nd, 4-6 (Groundball, 4, EV 86.9 MPH) Evan Oliveri to third
|
|
Batting: RHB Antonio Morado
|
0-0: Called Strike 0-1: Ball 1-1: Ball 2-1: Ball 3-1: Fielders Choice at 2nd, 4-6 (Groundball, 4, EV 86.9 MPH) Evan Oliveri scores
|
|
Batting: RHB Slavik Nebrodov
|
0-0: Ball Antonio Morado is caught stealing 2nd base 2-4
|
| Bottom of the 3rd over - 1 run, 1 hit, 0 errors, 0 left on base; Springfield 0 - Harrisburg 1 |
| TOP OF THE 4TH |
|
Springfield Cardinals batting - Pitching for Harrisburg Senators : RHP Ivano Galikov
|
|
Batting: LHB Dana McDonald
|
0-0: Foul Ball, location: 2F 0-1: Ball 1-1: Foul Ball, location: 2F 1-2: SINGLE (Groundball, 6D, EV 106.2 MPH)
|
|
Batting: RHB Joe LaDue
|
0-0: Ball 1-0: Foul Ball, location: 2F 1-1: Foul Ball, location: 2F 1-2: Ball Dana McDonald steals 2nd base (no throw) 2-2: Foul Ball, location: 2F 2-2: Ball 3-2: Strikes out looking
|
|
Batting: RHB Tommy Boudreaux
|
0-0: Called Strike 0-1: Fly out, F5 (Line Drive, 5, EV 73.1 MPH)
|
|
Batting: RHB Fortunato Fteira
|
0-0: Fly out, F8 (Flyball, 89M, EV 81.9 MPH)
|
| Top of the 4th over - 0 runs, 1 hit, 0 errors, 1 left on base; Springfield 0 - Harrisburg 1 |
| BOTTOM OF THE 4TH |
|
Harrisburg Senators batting - Pitching for Springfield Cardinals : RHP Jim Kincaid
|
|
Batting: RHB Slavik Nebrodov
|
0-0: Ball 1-0: Ball 2-0: Ball 3-0: Called Strike 3-1: Called Strike 3-2: Foul Ball, location: 2F 3-2: Fly out, F8 (Flyball, 8RM, EV 92.5 MPH)
|
|
Batting: RHB Nick Moreno
|
0-0: Ball 1-0: Foul Ball, location: 2F 1-1: Fly out, F9 (Flyball, 89M, EV 98.1 MPH)
|
|
Batting: RHB Bryan Wheeler
|
0-0: Called Strike 0-1: Swinging Strike 0-2: Ball 1-2: Strikes out swinging
|
| Bottom of the 4th over - 0 runs, 0 hits, 0 errors, 0 left on base; Springfield 0 - Harrisburg 1 |
| TOP OF THE 5TH |
|
Springfield Cardinals batting - Pitching for Harrisburg Senators : RHP Ivano Galikov
|
|
Batting: RHB Jose Rivera
|
0-0: Ball 1-0: Ground out 6-3 (Groundball, 6, EV 91.2 MPH)
|
|
Batting: RHB Dave Cluster
|
0-0: Ball 1-0: DOUBLE (Groundball, 5L, EV 110.6 MPH)
|
|
Batting: LHB Tsutomu Miyahara
|
0-0: Ball 1-0: SINGLE (Groundball, 34S, EV 66.2 MPH) (infield hit) Dave Cluster to third
|
|
Batting: LHB Ronnie Ashley
|
0-0: Called Strike Tsutomu Miyahara steals 2nd base 0-1: Ball 1-1: SINGLE (Groundball, 6D, EV 101.2 MPH) Dave Cluster scores Tsutomu Miyahara to third Runner from 3rd tries for Home, SAFE, throw by CF to home
|
|
Batting: RHB Tyler Walker
|
0-0: Ball 1-0: Fielders Choice at 2nd, 6-4 (Groundball, 6, EV 81.2 MPH)
|
|
Batting: LHB Dana McDonald
|
0-0: Ball 1-0: Called Strike 1-1: Ball 2-1: Ball 3-1: Foul Ball, location: 2F 3-2: Strikes out swinging
|
| Top of the 5th over - 2 runs, 3 hits, 0 errors, 1 left on base; Springfield 2 - Harrisburg 1 |
| BOTTOM OF THE 5TH |
|
Harrisburg Senators batting - Pitching for Springfield Cardinals : RHP Jim Kincaid
|
|
Batting: RHB Pat Drader
|
0-0: Fly out, F7 (Flyball, 7, EV 88.1 MPH)
|
|
Batting: LHB Yasuo Igarashi
|
0-0: Ball 1-0: Ball 2-0: Ball 3-0: Called Strike 3-1: Base on Balls
|
|
Batting: LHB Evan Oliveri
|
0-0: Called Strike 0-1: Ball 1-1: Ball Yasuo Igarashi steals 2nd base 2-1: Fly out, F7 (Flyball, 78M, EV 85.6 MPH)
|
|
Batting: RHB Antonio Laurel
|
0-0: Called Strike 0-1: Ball 1-1: Foul Ball, location: 2F 1-2: Ball 2-2: Ball 3-2: Fly out, F8 (Flyball, 89M, EV 93.1 MPH)
|
| Bottom of the 5th over - 0 runs, 0 hits, 0 errors, 1 left on base; Springfield 2 - Harrisburg 1 |
| TOP OF THE 6TH |
|
Springfield Cardinals batting - Pitching for Harrisburg Senators : RHP Ivano Galikov
|
|
Batting: RHB Joe LaDue
|
0-0: SINGLE (Line Drive, 4D, EV 94.4 MPH)
|
|
Batting: RHB Tommy Boudreaux
|
0-0: Called Strike 0-1: Ball 1-1: Called Strike 1-2: SINGLE (Groundball, 5S, EV 74.4 MPH) (infield hit) Joe LaDue to second
|
|
Batting: RHB Fortunato Fteira
|
0-0: Called Strike 0-1: Foul Ball, location: 2F 0-2: Fly out, F9 (Flyball, 9, EV 90.0 MPH) Runner from 2nd tags up, SAFE at 3rd with throw by RF
|
|
Batting: RHB Jose Rivera
|
0-0: Ball 1-0: Called Strike 1-1: Ball 2-1: SINGLE (Line Drive, 89S, EV 90.0 MPH) Joe LaDue scores Tommy Boudreaux to second Runner from 2nd tries for 3rd, SAFE, throw by RF made to third
|
|
Batting: RHB Dave Cluster
|
0-0: Called Strike Jose Rivera steals 2nd base 0-1: Called Strike 0-2: Foul Ball, location: 2F 0-2: Ball 1-2: Foul Ball, location: 2F 1-2: Ball 2-2: Strikes out swinging
|
|
Batting: LHB Tsutomu Miyahara
|
0-0: Ball 1-0: SINGLE (Groundball, 56, EV 93.8 MPH) Tommy Boudreaux scores Jose Rivera to third Runner from 3rd tries for Home, SAFE, throw by LF to home
|
|
Pitching: LHP Kyle Bachman
|
|
|
Batting: LHB Ronnie Ashley
|
0-0: Foul Ball, location: 2F 0-1: Ball 1-1: SINGLE (Flyball, 4D, EV 82.5 MPH) Tsutomu Miyahara to second Runner from 2nd tries for 3rd, OUT! 9-5
|
| Top of the 6th over - 3 runs, 5 hits, 0 errors, 1 left on base; Springfield 5 - Harrisburg 1 |
| BOTTOM OF THE 6TH |
|
Harrisburg Senators batting - Pitching for Springfield Cardinals : RHP Jim Kincaid
|
|
Batting: LHB Pat Aviles
|
0-0: Foul Ball, location: 2F 0-1: Fly out, F8 (Flyball, 89S, EV 85.0 MPH)
|
|
Batting: RHB Antonio Morado
|
0-0: TRIPLE (Flyball, 78XD, EV 106.2 MPH)
|
|
Batting: RHB Slavik Nebrodov
|
0-0: Called Strike 0-1: Ball 1-1: Ball 2-1: Ball 3-1: Foul Ball, location: 2F 3-2: Base on Balls
|
|
Batting: RHB Nick Moreno
|
0-0: Fly out, F9 (Flyball, 9, EV 91.2 MPH) Runner from 3rd tags up, SCORES, throw by RF
|
|
Pitching: LHP Dan Poirier
|
|
|
Batting: RHB Bryan Wheeler
|
0-0: Ball 1-0: Foul Ball, location: 2F 1-1: Foul Ball, location: 2F 1-2: Fly out, F9 (Flyball, 9D, EV 90.0 MPH)
|
| Bottom of the 6th over - 1 run, 1 hit, 0 errors, 1 left on base; Springfield 5 - Harrisburg 2 |
| TOP OF THE 7TH |
|
Springfield Cardinals batting - Pitching for Harrisburg Senators : LHP Kyle Bachman
|
|
Batting: RHB Tyler Walker
|
0-0: Ball 1-0: Called Strike 1-1: Called Strike 1-2: Strikes out swinging
|
|
Batting: LHB Dana McDonald
|
0-0: Ball 1-0: SINGLE (Groundball, 3D, EV 100.0 MPH)
|
|
Batting: RHB Joe LaDue
|
0-0: Called Strike Dana McDonald steals 2nd base 0-1: Ball 1-1: Swinging Strike 1-2: Ball 2-2: SINGLE (Groundball, 34D, EV 107.5 MPH) Dana McDonald to third Runner from 3rd tries for Home, throw by RF and OUT! 9-2
|
|
Batting: RHB Tommy Boudreaux
|
0-0: Foul Ball, location: 2F 0-1: Swinging Strike 0-2: Ball 1-2: Ball 2-2: Strikes out swinging
|
| Top of the 7th over - 0 runs, 2 hits, 0 errors, 1 left on base; Springfield 5 - Harrisburg 2 |
| BOTTOM OF THE 7TH |
|
Harrisburg Senators batting - Pitching for Springfield Cardinals : LHP Dan Poirier
|
|
Batting: RHB Pat Drader
|
0-0: Ball 1-0: Swinging Strike 1-1: Ball 2-1: Swinging Strike 2-2: Ball 3-2: Strikes out swinging
|
|
Pinch Hitting: RHB Kevin Wick
|
0-0: Ball 1-0: SINGLE (Groundball, 56D, EV 97.5 MPH)
|
|
Batting: LHB Evan Oliveri
|
0-0: Ball 1-0: Ball 2-0: Ball 3-0: Called Strike 3-1: Foul Ball, location: 2F 3-2: Strikes out swinging
|
|
Batting: RHB Antonio Laurel
|
0-0: Called Strike 0-1: Called Strike 0-2: Foul Ball, location: 2F 0-2: Ground out 5-3 (Groundball, 56S, EV 88.1 MPH)
|
| Bottom of the 7th over - 0 runs, 1 hit, 0 errors, 1 left on base; Springfield 5 - Harrisburg 2 |
| TOP OF THE 8TH |
|
Springfield Cardinals batting - Pitching for Harrisburg Senators : LHP Kyle Bachman
|
|
Pitching: LHP Anton Erlykov
|
|
|
Now at 2B: Pat Drader
|
|
|
Now at 3B: Kevin Wick
|
|
|
Batting: RHB Fortunato Fteira
|
0-0: Foul Ball, location: 2F 0-1: Called Strike 0-2: Ball 1-2: Ball 2-2: Ball 3-2: Base on Balls
|
|
Batting: RHB Jose Rivera
|
0-0: Swinging Strike 0-1: Swinging Strike 0-2: Ball 1-2: Foul Ball, location: 2F 1-2: Ball 2-2: Foul Ball, location: 2F 2-2: Foul Ball, location: 2F 2-2: Ball Fortunato Fteira is caught stealing 2nd base 2-4 3-2: Strikes out swinging
|
|
Batting: RHB Dave Cluster
|
0-0: Called Strike 0-1: Foul Ball, location: 2F 0-2: Ball 1-2: Ground out 6-3 (Groundball, 6, EV 105.0 MPH)
|
| Top of the 8th over - 0 runs, 0 hits, 0 errors, 0 left on base; Springfield 5 - Harrisburg 2 |
| BOTTOM OF THE 8TH |
|
Harrisburg Senators batting - Pitching for Springfield Cardinals : LHP Dan Poirier
|
|
Batting: LHB Pat Aviles
|
0-0: Called Strike 0-1: Swinging Strike 0-2: Ball 1-2: Foul Ball, location: 2F 1-2: Fly out, F8 (Flyball, 8LD, EV 99.4 MPH)
|
|
Batting: RHB Antonio Morado
|
0-0: Foul Ball, location: 2F 0-1: Called Strike 0-2: Ball 1-2: Foul Ball, location: 2F 1-2: Ball 2-2: Ground out 4-3 (Groundball, 4M, EV 101.9 MPH)
|
|
Batting: RHB Slavik Nebrodov
|
0-0: Ball 1-0: Foul Ball, location: 2F 1-1: Ball 2-1: Swinging Strike 2-2: Ball 3-2: Ground out 6-3 (Groundball, 6, EV 88.1 MPH)
|
| Bottom of the 8th over - 0 runs, 0 hits, 0 errors, 0 left on base; Springfield 5 - Harrisburg 2 |
| TOP OF THE 9TH |
|
Springfield Cardinals batting - Pitching for Harrisburg Senators : LHP Anton Erlykov
|
|
Pitching: RHP Chris Close
|
|
|
Batting: LHB Tsutomu Miyahara
|
0-0: Ground out 1-3 (Groundball, 13S, EV 75.6 MPH)
|
|
Batting: LHB Ronnie Ashley
|
0-0: Called Strike 0-1: Called Strike 0-2: Foul Ball, location: 2F 0-2: Foul Ball, location: 2F 0-2: Ball 1-2: Strikes out swinging
|
|
Batting: RHB Tyler Walker
|
0-0: DOUBLE (Line Drive, 8RXD, EV 113.8 MPH)
|
|
Batting: LHB Dana McDonald
|
0-0: Ball 1-0: Ball 2-0: Foul Ball, location: 2F 2-1: Fly out, F7 (Flyball, 78D, EV 107.5 MPH)
|
| Top of the 9th over - 0 runs, 1 hit, 0 errors, 1 left on base; Springfield 5 - Harrisburg 2 |
| BOTTOM OF THE 9TH |
|
Harrisburg Senators batting - Pitching for Springfield Cardinals : LHP Dan Poirier
|
|
Pitching: RHP Phil Feldscher
|
|
|
Batting: RHB Nick Moreno
|
0-0: Called Strike 0-1: Called Strike 0-2: Ground out 6-3 (Groundball, 6, EV 81.9 MPH)
|
|
Batting: RHB Bryan Wheeler
|
0-0: Ball 1-0: Swinging Strike 1-1: Swinging Strike 1-2: Foul Ball, location: 2F 1-2: Ground out 4-3 (Groundball, 4M, EV 80.0 MPH)
|
|
Batting: RHB Pat Drader
|
0-0: Called Strike 0-1: Ground out 1-3 (Groundball, 15S, EV 73.1 MPH)
|
| Bottom of the 9th over - 0 runs, 0 hits, 0 errors, 0 left on base; Springfield 5 - Harrisburg 2 |
|